 Dungeon Crawl Stone Soup version 0.22-a0-521-gb1378044ac (webtiles) character file.

29 Oravi the Magician (level 3, -4/19 HPs)
             Began as a Tengu Wizard on June 20, 2018.
             Slain by Natasha (5 damage)
             ... on level 2 of the Dungeon.
             The game lasted 00:04:08 (1120 turns).

Oravi the Magician (Tengu Wizard)                   Turns: 1120, Time: 00:04:08

Health: -4/19      AC:  3    Str: 16    XL:     3   Next: 16%
Magic:  4/9        EV: 12    Int: 19    God:
Gold:   48         SH:  0    Dex: 12    Spells: 6/9 levels left

rFire    . . .     SeeInvis .   h - +0 dagger
rCold    . . .     Gourm    .   (no shield)
rNeg     . . .     Faith    .   a - +0 robe
rPois    .         Spirit   .   b - +0 hat
rElec    .         Reflect  .   (no cloak)
rCorr    .         Harm     .   m - +0 pair of gloves
MR       .....                  (boots unavailable)
Stlth    ++........             (no amulet)
HPRegen  0.06/turn              e - +4 ring of strength
MPRegen  0.11/turn              (no ring)

@: mighty
A: beak, talons 3
a: no special abilities


You were on level 2 of the Dungeon.
You were not hungry.

You visited 1 branch of the dungeon, and saw 2 of its levels.

You collected 48 gold pieces.

Inventory:

Hand Weapons
 h - a +0 dagger (weapon)
Missiles
 c - 52 stones (quivered)
 o - 3 needles of confusion
 r - a throwing net
Armour
 a - a +0 robe (worn)
 b - a +0 hat (worn)
 m - a +0 pair of gloves (worn)
Jewellery
 e - a +4 ring of strength (left hand)
 t - an uncursed amulet of harm {unknown}
Wands
 x - a wand of clouds (6)
Scrolls
 f - a scroll of magic mapping {unknown}
 k - a scroll of remove curse {unknown}
 n - a scroll of enchant armour {unknown}
 p - 2 scrolls of identify {unknown}
 q - a scroll of blinking {unknown}
 s - a scroll of enchant weapon {unknown}
 u - a scroll of teleportation {unknown}
Potions
 j - a potion of degeneration {unknown}
 l - a potion of mutation {unknown}
 v - a potion of cancellation {unknown}
 w - a potion of heal wounds {unknown}
Comestibles
 d - 2 rations
 i - 7 chunks of flesh


   Skills:
 - Level 2.1 Dodging
 - Level 2.0 Stealth
 + Level 3.5 Spellcasting
 + Level 3.0 Conjurations
   Level 1.2 Summonings
 - Level 0.7 Translocations


You had 6 spell levels left.
You knew the following spells:

 Your Spells              Type           Power        Failure   Level  Hunger
a - Magic Dart            Conj           ##..         4%          1    None
b - Blink                 Tloc           N/A          16%         2    ##.....

Your spell library contained the following spells:

 Spells                   Type           Power        Failure   Level  Hunger
 Conjure Flame            Conj/Fire      #.......     24%         3    ###....
 Slow                     Hex            #.......     22%         2    ##.....
 Mephitic Cloud           Conj/Pois/Air  #.......     28%         3    ###....
 Call Imp                 Summ           #.......     13%         2    ##.....


Dungeon Overview and Level Annotations

Branches:
Dungeon (2/15)

Altars:
Gozag

Annotations:
D:2 Natasha


Innate Abilities, Weirdness & Mutations

You have a beak for a mouth.
You have claws for feet.


Message History

Aiming: Magic Dart (safe; 4% risk of failure)
Press: ? - help, Shift-Dir - straight line, f/p - Natasha
Aim: Natasha (moderately wounded)
The magic dart hits Natasha.
Natasha is heavily wounded.
Natasha claws you.
Casting: Magic Dart (safe; 4% risk of failure)
Confirm with . or Enter, or press ? or * to list all spells.
Aiming: Magic Dart (safe; 4% risk of failure)
Press: ? - help, Shift-Dir - straight line, f/p - Natasha
Aim: Natasha (heavily wounded)
The magic dart hits Natasha.
Natasha is almost dead.
Natasha claws you.
* * * LOW HITPOINT WARNING * * *
Okay, then.
It was a potion of might.
You feel very mighty all of a sudden. Natasha claws you.
You die...

#.########.#
#.#####
#.##........ #.#
#..........# #.#
#..#.###.... ...
######..#.# #...
... #....)..#.####
... ...
#)####.......#...
.....
.#####.#.##..#...
..........@hr.....
..........##.##...
.######..(.. =.
......(..#..
###..####(# ..
#..# # # #..# #...


You could see Natasha and a rat.

Vanquished Creatures
  A leopard gecko (D:1)
  5 bats (D:1)
  3 hobgoblins
  3 jackals (D:1)
  3 ball pythons
  3 frilled lizards (D:1)
  3 goblins
  3 kobolds
  3 rats
27 creatures vanquished.

Notes
Turn   | Place    | Note
-------+----------+-------------------------------------------
     0 | D:1      | Oravi the Tengu Wizard began the quest for the Orb.
     0 | D:1      | Reached XP level 1. HP: 10/10 MP: 5/5
   214 | D:1      | Reached XP level 2. HP: 11/15 MP: 1/7
  1042 | D:2      | Reached XP level 3. HP: 19/19 MP: 8/8
  1046 | D:2      | Learned a level 2 spell: Blink
  1049 | D:2      | Found an opulent altar of Gozag.
  1110 | D:2      | Noticed Natasha
  1120 | D:2      | Slain by Natasha

Vault maps used:
D:1:      dpeg_arrival_pond, minmay_crystal_room, minmay_shallow_snake_nest
D:2:      nicolae_overflow_crystal_walls, kennysheep_small_spiral,
          nicolae_gozag_seed_capital, uniq_terence, uniq_natasha

Skill      XL: |  1  2  3 |
---------------+----------+-----
Conjurations   | 2 3 |  3.0
Dodging        | |  2.1
Stealth        | |  2.0
Spellcasting   | |  3.5
Summonings     | |  1.2
Translocations | |  0.7

Action                   || total
-------------------------++-------
Melee: Dagger            ||    45
       Kick              ||     8
       Peck              ||     4
Throw: Stone             ||    51
 Cast: Magic Dart        ||    20
  Use: Potion            ||     1
  Eat: Chunk             ||     1
Armor: Robe              ||    13
Dodge: Dodged            ||    39

Table legend:
 A = Spawn XP
 B = Non-spawn XP
 C = Spawn XP percentage of total XP
 D = Spawn monster count
 E = Non-spawn monster count
 F = Spawn count percentage of total count
 G = Total turns spent on level
                    A         B        C        D         E        F      G
               +---------+---------+-------+---------+---------+-------+---------
         Total |       0 |      42 |   0.0 |       0 |      27 |   0.0 |  1120
               +---------+---------+-------+---------+---------+-------+---------
           D:1 |       0 |      31 |   0.0 |       0 |      20 |   0.0 |  1017
           D:2 |       0 |      11 |   0.0 |       0 |       7 |   0.0 |   103
               +---------+---------+-------+---------+---------+-------+---------
